 Dungeon Crawl Stone Soup version 0.31-a0-175-g9f7f995f2b (webtiles) character file.

Game seed: 949788724586643343

154 qw the Shooter (level 5, -7/32 HPs)
             Began as a Gargoyle Hunter on June 17, 2023.
             Mangled by Grinder (8 damage)
             ... on level 4 of the Dungeon.
             The game lasted 00:00:50 (2232 turns).

qw the Shooter (Gargoyle Hunter)                    Turns: 2232, Time: 00:00:51

Health: -7/32      AC:  9    Str: 14      XL:     5   Next: 35%
Magic:  5/5        EV: 10    Int:  8 (10) God:
Gold:   161        SH:  0    Dex: 14 (15) Spells: 4/4 levels left

rFire   . . .        Y - +0 shortbow
rCold   . . .        (shield currently unavailable)
rNeg    + . .        a - +0 ring mail
rPois   inf          (no helmet)
rElec   +            (no cloak)
rCorr   .            (no gloves)
SInv    .            (no boots)
Will    .....        (no amulet)
Stlth   +            (no ring)
HPRegen 0.25/turn    (no ring)
MPRegen 0.09/turn

%: no passive effects
@: no status effects
A: sickness immunity, AC +4, negative energy resistance 1, electricity
resistance, torment resistance 1, petrification resistance
a: no special abilities


You were on level 4 of the Dungeon.
You visited 1 branch of the dungeon, and saw 4 of its levels.

You collected 161 gold pieces.


Innate Abilities, Weirdness & Mutations

You are immune to sickness and miasma.
Your stone body is resilient. (AC +4)
You are immune to poison.
You resist negative energy. (rN+)
You are resistant to electric shocks. (rElec)
You are resistant to unholy torment.
You are immune to petrification.


   Skills:
 + Level 3.1 Fighting
 - Level 6.0 Ranged Weapons
 - Level 1.1 Armour
 - Level 1.5 Dodging
 - Level 1.1 Stealth


You had 4 spell levels left.
You didn't know any spells.
Your spell library was empty.

Inventory:

Hand Weapons
 Y - a +0 shortbow (weapon)
Armour
 a - a +0 ring mail (worn)
Potions
 b - 3 potions of attraction
 d - a potion of lignification
 e - 2 potions of curing
 g - a potion of haste
 i - 2 potions of enlightenment {unknown}

Dungeon Overview and Level Annotations

Branches:
Dungeon (4/15)
 Temple: D:4-7

Altars:
Ru

Annotations:
D:4 Eustachio, Grinder


Message History

The hobgoblin hits you but does no damage.
Grinder hits you.
You writhe in agony.
The hobgoblin hits you but does no damage.
Grinder hits you. The hobgoblin hits you.
You can move again.
You shoot an arrow. The arrow closely misses Grinder.
Grinder barely misses you. The hobgoblin barely misses you.
You shoot an arrow. The arrow hits Grinder!
Grinder is heavily wounded.
The ufetubus closely misses you.
The ufetubus hits you but does no damage.
Grinder closely misses you.
Eustachio gestures wildly while chanting.
Eustachio blinks!
The hobgoblin barely misses you. The ufetubus closely misses you.
The ufetubus hits you but does no damage.
Grinder blinks!
The hobgoblin hits you but does no damage.
You shoot an arrow. The arrow hits Grinder.
Grinder is severely wounded.
The ufetubus closely misses you. The ufetubus barely misses you.
Grinder hits you but does no damage. The hobgoblin closely misses you.
You shoot an arrow.
The arrow hits Grinder but does no damage.
Grinder is severely wounded.
The hobgoblin closely misses you.
You shoot an arrow. The arrow hits Grinder.
Grinder is severely wounded.
The shadow imp hits you but does no damage.
Grinder hits you.
Eustachio utters an oath, "I will die for my friends!"
The hobgoblin barely misses you.
The shadow imp hits you but does no damage.
The shadow imp lashes its tail.
You shoot an arrow. The arrow completely misses Grinder.
Grinder says, "What is the universe for?"
Grinder gestures at you.
You barely resist. Eustachio hits you with a +3 rapier. The hobgoblin hits you.
The shadow imp closely misses you. Grinder hits you!
You die...

.........#....
.........#..............
#.....#....#..........^.
##........###...........
.#.........#............
...>....................
#..##...........5?..<#
#..###.........5g5..#
.#.###..#......@@5.#
.#.##..##.......####
..(.##.......#....##
.....#)...#.####...###..
..........######........
...........##.#.........
......#.....(....#......
......###....#.#.#......
.......#.....###........


You could see Eustachio, Grinder, 2 shadow imps, an ufetubus (summoned) and a
hobgoblin.

Vanquished Creatures
  A scorpion (D:4)
  2 adders (D:3)
  A worm (D:2)
  A dart slug (D:3)
  5 orcs
  3 bats
  5 endoplasms
  4 giant cockroaches
  5 goblins
  11 hobgoblins
  2 kobolds
  3 quokkas
  7 ball pythons
  5 frilled lizards
  4 rats
59 creatures vanquished.

Notes
Turn   | Place    | Note
-------+----------+-------------------------------------------
     0 | D:1      | qw the Gargoyle Hunter began the quest for the Orb.
     0 | D:1      | Reached XP level 1. HP: 12/12 MP: 1/1
     0 | D:1      | 0 ||| qw: Version: 0.3-a-2-g5ab2908
     0 | D:1      | 0 ||| qw: Game counter: 264
     0 | D:1      | 0 ||| qw: Always use a shield: true
     0 | D:1      | 0 ||| qw: God list: Okawaru
     0 | D:1      | 0 ||| qw: Allow faded altars: false
     0 | D:1      | 0 ||| qw: Do Orc after D:15 true
     0 | D:1      | 0 ||| qw: Do second Lair branch before Depths: true
     0 | D:1      | 0 ||| qw: Lair rune preference: random
     0 | D:1      | 0 ||| qw: Plans: Normal, Zot:1-4, Slime:5, God:TSO, Crypt,
                  | Tomb, Abyss, Pan, Hells, Win
     0 | D:1      | 0 ||| PLANNING D:1-11
    72 | D:1      | 72 ||| Stepping ~*~*~tactically~*~*~ (outnumbered).
   116 | D:1      | Reached XP level 2. HP: 17/17 MP: 2/2
   297 | D:1      | 297 ||| FLEEEEING.
   325 | D:1      | Reached XP level 3. HP: 21/21 MP: 3/3
   482 | D:1      | Reached skill level 5 in Ranged Weapons
   687 | D:1      | 687 ||| READING scroll labelled FUTHRUH MATY.
   688 | D:1      | 688 ||| READING scroll labelled HUPNEIR XOKEI.
   689 | D:1      | 689 ||| DROPPING scroll of butterflies.
  1525 | D:2      | 1525 ||| READING scroll labelled XEHEPL FEUMIUCS.
  1526 | D:2      | 1526 ||| DRINKING 2 golden potions.
  1561 | D:2      | 1561 ||| DRINKING 2 fizzy yellow potions.
  1737 | D:3      | Reached skill level 3 in Fighting
  1747 | D:3      | 1747 ||| FLEEEEING.
  1748 | D:3      | 1748 ||| FLEEEEING.
  1749 | D:3      | 1749 ||| FLEEEEING.
  1750 | D:3      | 1750 ||| FLEEEEING.
  1751 | D:3      | 1751 ||| STAIRDANCE
  1797 | D:2      | 1797 ||| UPGRADING to +0 ring mail.
  1807 | D:2      | 1807 ||| DROPPING +0 leather armour.
  1808 | D:2      | 1808 ||| READING scroll labelled MUUMIOLEAG.
  1809 | D:2      | 1809 ||| READING scroll labelled TETSINWEOGA.
  1810 | D:2      | 1810 ||| DRINKING 2 dark potions.
  1811 | D:2      | 1811 ||| DROPPING potion of invisibility.
  1842 | D:3      | Reached skill level 1 in Armour
  1842 | D:3      | Reached XP level 4. HP: 28/28 MP: 4/4
  1877 | D:3      | Found a sacrificial altar of Ru.
  2075 | D:3      | 2075 ||| READING scroll labelled SUGAIX BAKIAK.
  2093 | D:3      | 2093 ||| DRINKING 4 ruby potions.
  2094 | D:3      | 2094 ||| DRINKING 2 sedimented blue potions.
  2095 | D:3      | 2095 ||| DRINKING 2 bubbling dark potions.
  2096 | D:3      | 2096 ||| DROPPING potion of degeneration.
  2132 | D:4      | Noticed a scorpion
  2145 | D:4      | Killed a scorpion
  2146 | D:4      | Reached skill level 6 in Ranged Weapons
  2146 | D:4      | Reached XP level 5. HP: 29/32 MP: 5/5
  2214 | D:4      | Noticed Grinder
  2221 | D:4      | Noticed Eustachio
  2222 | D:4      | Paralysed by Grinder for 5 turns
  2226 | D:4      | HP: 8/32 [Grinder (4)]
  2231 | D:4      | HP: 8/32 [Grinder (1)]
  2232 | D:4      | HP: 3/32 [Eustachio/+3 rapier (5)]
  2232 | D:4      | HP: 1/32 [hobgoblin (2)]
  2232 | D:4      | Mangled by Grinder

Levels and vault maps discovered:
D:1:      saegor_arrival_simple_e, layout_loops_ring
D:2:      layout_basic
D:3:      layout_rooms, lemuel_doored_altar
D:4:      layout_cave_pools, kennysheep_mini_moat,
          minmay_temple_entry_drinking_statues, minmay_pentomino_pile,
          uniq_eustachio, uniq_grinder

Skill      XL: |  1  2  3  4 |
---------------+-------------+-----
Ranged Weapons | 5 6 |  6.0
Fighting       | 3 |  3.1
Armour         | 1 |  1.1
Dodging        | |  1.5
Stealth        | |  1.1

Action                     |  1- 3 |  4- 6 || total
---------------------------+-------+-------++-------
   Fire: Shortbow          |   112 |    62 ||   174
    Use: Scroll            |     5 |     1 ||     6
         Potion            |     3 |     3 ||     6
 Armour: Leather armour    |    13 |       ||    13
         Ring mail         |     2 |    18 ||    20
  Dodge: Dodged            |    17 |    27 ||    44

Table legend:
 A = Non-vault XP
 B = Vault XP
 C = Vault XP percentage of total XP
 D = Non-vault monster count
 E = Vault monster count
 F = Vault count percentage of total count
                 A         B        C        D         E       F
            +---------+---------+-------+---------+---------+-------
      Total |     220 |       0 |   0.0 |      59 |       0 |   0.0
            +---------+---------+-------+---------+---------+-------
        D:1 |      41 |       0 |   0.0 |      24 |       0 |   0.0
        D:2 |      20 |       0 |   0.0 |       9 |       0 |   0.0
        D:3 |      61 |       0 |   0.0 |      20 |       0 |   0.0
        D:4 |      98 |       0 |   0.0 |       6 |       0 |   0.0
            +---------+---------+-------+---------+---------+-------
